 Seeded DCSS version 0.31-a0-1074-g0b22e4e0f1 (webtiles) character file.

Game seed: 4590452120144691419 (custom seed)

2747 Hubris850 the Slicer (level 9, -16/39 HPs)
             Began as a Spriggan Enchanter on Dec 6, 2023.
             Was a High Priest of Uskayaw.
             Demolished by an orc wizard
             ... wielding a +1 dagger of electrocution
              (18 damage)
             ... on level 7 of the Dungeon.
             The game lasted 00:19:42 (6454 turns).

Hubris850 the Slicer (Spriggan Enchanter)           Turns: 6454, Time: 00:19:43

Health: -16/39     AC:  3    Str:  4    XL:     9   Next: 41%
Magic:  24/24      EV: 28    Int: 17    God:    Uskayaw [*****.]
Gold:   264        SH:  0    Dex: 19    Spells: 10/15 levels left

rFire   . . .        k - +2 dagger (speed)
rCold   . . .        (no shield)
rNeg    . . .        b - +1 robe
rPois   .            (helmet currently unavailable)
rElec   .            (cloak currently unavailable)
rCorr   .            (gloves unavailable)
SInv    +            (boots unavailable)
Will    +....        F - amulet of the acrobat
Stlth   +++          n - +5 ring of evasion
HPRegen 0.26/turn    o - ring "Korufiabiki" {MP+9 Slay+2}
MPRegen 0.19/turn

%: acrobat
@: beast-form, very quick
A: beast (slay +4), very small, no large weapons, unfitting armour, see
invisible, speed 3
a: Begin Untransformation, Renounce Religion, Stomp, Line Pass, Grand Finale


You were on level 7 of the Dungeon.
You worshipped Uskayaw.
Uskayaw was noncommittal.
You were a hulking beast.
You visited 2 branches of the dungeon, and saw 8 of its levels.

You collected 264 gold pieces.

Inventory:

Hand Weapons
 a - a +1 dagger of venom
 h - a +1 dagger of protection
 k - a +2 dagger of speed (weapon)
 u - a +4 quarterstaff of chaos
 A - a +0 spectral quarterstaff
 D - a +1 short sword of holy wrath
Missiles
 g - 6 poisoned darts (quivered)
 m - 4 boomerangs
Armour
 b - a +1 robe (worn)
 v - a +1 cloak
 y - a +0 buckler
Jewellery
 n - a +5 ring of evasion (left hand)
 o - the ring "Korufiabiki" (right hand) {MP+9 Slay+2}
   (You found it on level 3 of the Dungeon)

   [ring of magical power]

   Slay+2:    It affects your accuracy & damage with ranged weapons and melee
   (+2).
   MP+9:      It affects your magic capacity (+9).
 C - a ring of magical power
 F - an amulet of the acrobat (around neck)
Talismans
 p - a beast talisman (active)
Wands
 w - a wand of flame (22)
Scrolls
 q - 2 scrolls of immolation
 t - a scroll of enchant armour
 B - a scroll of poison
 E - 2 scrolls of vulnerability {unknown}
Potions
 c - 3 potions of invisibility
 d - 2 potions of curing
 e - 2 potions of enlightenment
 f - 3 potions of brilliance {unknown}
 i - 2 potions of lignification {unknown}
 j - a potion of resistance {unknown}
 l - a potion of might {unknown}
 r - 2 potions of magic {unknown}
 s - 2 potions of attraction {unknown}
 x - a potion of cancellation {unknown}
 z - a potion of heal wounds {unknown}


   Skills:
 + Level 9.7 Short Blades
 - Level 8.0 Dodging
 - Level 6.0 Stealth
 - Level 3.5 Spellcasting
 - Level 4.3 Hexes
 - Level 2.0 Ice Magic
 - Level 7.0 Shapeshifting


You had 10 spell levels left.
You knew the following spells:

 Your Spells              Type           Power      Damage    Failure   Level
a - Ensorcelled Hibernat  Hex/Ice        26%        N/A       7%          2
b - Confusing Touch       Hex            17%        N/A       9%          3

Your spell library contained the following spells:

 Spells                   Type           Power      Damage    Failure   Level
 Tukima's Dance           Hex            17%        N/A       9%          3
 Dazzling Flash           Conj/Hex       20%        N/A       21%         3
 Inner Flame              Hex/Fire       10%        N/A       21%         3
 Cigotuvi's Dreadful Rot  Necr/Pois/Air  4%         N/A       26%         2
 Ignite Poison            Fire/Tmut/Pois 2%         N/A       45%         3
 Flame Wave               Conj/Fire      2%         2d4       86%         4
 Sticky Flame             Conj/Fire      2%         2d3       86%         4
 Freezing Cloud           Conj/Ice/Air   2%         6-21      98%         5


Dungeon Overview and Level Annotations

Branches:
Dungeon (7/15)             Temple (1/1) D:6

Altars:
Ashenzari
Cheibriados
Dithmenos
Fedhas
Gozag
Makhleb
Nemelex Xobeh
Okawaru
Qazlal
Ru
Sif Muna
Trog
Uskayaw
Vehumet
Wu Jian
Xom
Yredelemnul
The Shining One


Innate Abilities, Weirdness & Mutations

You are a hulking beast.
Your limbs bulge with bestial killing power. (Slay +4)
You are very small and have problems with some larger weapons.
You are too small for most types of armour.
You have supernaturally acute eyesight. (SInv)
You cover ground extremely quickly. (Speed+++)


Message History

* * * LOW HITPOINT WARNING * * *
You hit the centaur.
The centaur is almost dead.
You puncture the centaur!
You kill the centaur!
You barely miss the orc wizard.
The orc wizard hits you with a +0 dagger.
* * * LOW HITPOINT WARNING * * *
You completely miss the orc wizard. You hit the orc wizard.
The orc wizard is lightly wounded.
You can now merge with and destroy a victim.
You barely miss the orc wizard.
The orc wizard is lightly wounded.
The orc misses you.
The orc wizard hits you with a +1 dagger of electrocution.
* * * LOW HITPOINT WARNING * * *
The orc wizard misses you.
You hit the orc wizard.
The orc wizard is heavily wounded.
You hit the orc wizard.
The orc wizard is heavily wounded.
You hit the orc wizard but do no damage.
The orc wizard is heavily wounded.
The orc completely misses you.
The orc wizard hits you with a +1 dagger of electrocution.
* * * LOW HITPOINT WARNING * * *
The orc completely misses you.
The orc wizard gestures wildly while chanting.
The orc wizard flickers and vanishes for a moment.
You closely miss the orc wizard.
The orc wizard is heavily wounded.
Uskayaw links your audience in an emotional bond!
You closely miss the orc. You hit the orc. Your punch misses the orc.
The orc is moderately wounded.
The orc wizard hits you with a +1 dagger of electrocution.
* * * LOW HITPOINT WARNING * * *
You are electrocuted!!
You die...

...............##)#...#
.......)...............
.........†........#...#
####...†#†.##.#......##
#....#..##........##
#....#..####...#.###
#....#..####..##.###
#...o............#..
#.)ho..######.####.#
#..oo.......#.# #..
#.......####.#.####.#
#.......# #.......
#.#####.# ######.# ...
... #.. .## .... #..
..### ###


You could see 2 orc wizards and 2 orcs.

Vanquished Creatures
  Sigmund (D:4)
  Eustachio (D:5)
  2 water moccasins (D:5)
  4 black bears
  An ice beast (D:6)
  2 centaurs
  2 phantoms (D:5)
  5 scorpions
  2 howler monkeys
  9 orc priests
  2 hounds
  2 jellies
  A gnoll bouda (D:6)
  Crazy Yiuf (D:4)
  3 sleepcaps
  4 iguanas
  Ijyb (D:4)
  7 orc wizards
  Robin (D:2)
  4 gnolls (D:6)
  5 adders
  A shadow imp (D:6)
  4 ufetubi (D:6)
  A worm (D:4)
  4 dart slugs
  20 orcs
  11 endoplasms
  4 giant cockroaches
  25 goblins
  14 hobgoblins
  8 jackals
  6 kobolds
  7 quokkas
  9 ball pythons
  6 bats
  3 frilled lizards
  A rat (D:1)
184 creatures vanquished.

Notes
Turn   | Place    | Note
-------+----------+-------------------------------------------
     0 | D:1      | Hubris850 the Spriggan Enchanter began the quest for the
                  | Orb.
     0 | D:1      | Reached XP level 1. HP: 9/9 MP: 5/5
   104 | D:1      | Reached XP level 2. HP: 13/13 MP: 6/6
   124 | D:1      | Learned a level 2 spell: Ensorcelled Hibernation
   454 | D:1      | Found a faded altar of an unknown god.
   467 | D:1      | Reached XP level 3. HP: 8/16 MP: 8/8
   567 | D:1      | Reached skill level 5 in Stealth
  1171 | D:2      | Reached skill level 2 in Short Blades
  1222 | D:2      | Noticed Robin
  1235 | D:2      | Reached XP level 4. HP: 19/21 MP: 10/10
  1242 | D:2      | Killed Robin
  1732 | D:3      | Identified the ring "Korufiabiki" {MP+9 Slay+2}
  1745 | D:3      | Learned a level 3 spell: Confusing Touch
  1821 | D:2      | Reached XP level 5. HP: 12/24 MP: 11/11
  1892 | D:3      | Reached skill level 1 in Shapeshifting
  2012 | D:3      | Found a stormy altar of Qazlal.
  2394 | D:4      | Found a runed translucent door.
  2395 | D:4      | Noticed Crazy Yiuf
  2402 | D:4      | Killed Crazy Yiuf
  2403 | D:4      | Reached skill level 1 in Ice Magic
  2450 | D:4      | Noticed a black bear
  2458 | D:4      | Killed a black bear
  2459 | D:4      | Reached skill level 3 in Short Blades
  2459 | D:4      | Reached XP level 6. HP: 21/28 MP: 12/12
  2656 | D:4      | Noticed Sigmund
  2659 | D:4      | Killed Sigmund
  2660 | D:4      | Reached skill level 5 in Dodging
  2660 | D:4      | Reached XP level 7. HP: 32/32 MP: 13/13
  2695 | D:4      | Reached skill level 4 in Short Blades
  2820 | D:4      | Noticed Ijyb
  2847 | D:4      | Killed Ijyb
  3592 | D:5      | Entered Level 5 of the Dungeon
  3595 | D:5      | Noticed Eustachio
  3598 | D:5      | Killed Eustachio
  3735 | D:5      | Reached skill level 5 in Short Blades
  3746 | D:5      | Reached XP level 8. HP: 24/36 MP: 14/14
  3759 | D:4      | Reached skill level 5 in Shapeshifting
  4393 | D:5      | Reached skill level 6 in Short Blades
  4734 | D:5      | Reached skill level 7 in Short Blades
  5050 | D:6      | Reached XP level 9. HP: 35/39 MP: 15/15
  5073 | D:6      | Found a radiant altar of Vehumet.
  5444 | D:6      | Reached skill level 8 in Short Blades
  5942 | D:6      | Reached skill level 9 in Short Blades
  6021 | D:6      | Found a staircase to the Ecumenical Temple.
  6034 | Temple   | Entered the Ecumenical Temple
  6060 | Temple   | Became a worshipper of Uskayaw the Reveller
  6390 | D:7      | Reached * piety under Uskayaw
  6423 | D:7      | Reached ** piety under Uskayaw
  6427 | D:7      | Reached *** piety under Uskayaw
  6428 | D:7      | Reached **** piety under Uskayaw
  6447 | D:7      | Reached ***** piety under Uskayaw
  6454 | D:7      | Demolished by an orc wizard

Illustrated notes

Levels and vault maps discovered:
D:1:      wander_arrival_peaceful_grave, layout_basic,
          shapermc_ecumenical_altar_starsandcircs, serial_forest,
          infiniplex_forest_clump_medium, infiniplex_forest_clump_cross,
          infiniplex_forest_lined_3, infiniplex_forest_straight_2,
          infiniplex_forest_end_1, infiniplex_forest_end_1, minmay_tromino_mix6
D:2:      layout_rooms, serial_forest, infiniplex_forest_clump_double,
          infiniplex_forest_clump_double, infiniplex_forest_corner_1,
          infiniplex_forest_clump_small, infiniplex_forest_clump_C,
          infiniplex_forest_clump_tiny, infiniplex_forest_straight_2, uniq_robin
D:3:      layout_rooms, mainiacjoe_overflow_six_doors_small
D:4:      kennysheep_goblin_castle, layout_basic, uniq_sigmund,
          uniq_crazy_yiuf_cottage
D:5:      layout_basic, kb_lookout_dungeons_type, uniq_eustachio
D:6:      layout_layer_cave, nicolae_vehumet_altar_sigil,
          minmay_temple_entry_stoned_glass
D:7:      layout_loops_cross
Temple:   nicolae_temple_superstar

Skill      XL: |  1  2  3  4  5  6  7  8  9 |
---------------+----------------------------+-----
Dodging        | 3 4 5 6 8 |  8.0
Spellcasting   | 3 |  3.5
Hexes          | 4 |  4.3
Stealth        | 5 6 |  6.0
Short Blades   | 2 3 5 7 9 |  9.7
Shapeshifting  | 2 3 4 7 |  7.0
Ice Magic      | 1 2 |  2.0

Action                     |  1- 3 |  4- 6 |  7- 9 || total
---------------------------+-------+-------+-------++-------
  Melee: Dagger            |   221 |   122 |   497 ||   840
         Punch             |     1 |     1 |     6 ||     8
  Throw: Dart              |       |    10 |    12 ||    22
   Cast: Ensorcelled Hiber |     7 |     5 |    23 ||    35
    Use: Scroll            |     6 |     4 |     3 ||    13
         Potion            |       |       |     2 ||     2
   Stab: Sleeping          |    11 |    10 |    19 ||    40
         Paralysed         |       |       |     2 ||     2
 Armour: Robe              |    44 |    29 |    67 ||   140
  Dodge: Dodged            |   171 |    82 |   193 ||   446
   Form: Beast             |       |     1 |       ||     1

Table legend: (Time is in decaauts)
 A = Elapsed time spent in this place.
 B = Non-inter-level travel time spent in this place.
 C = Inter-level travel time spent in this place.
 D = Time resting spent in this place.
 E = Time spent auto-exploring this place.
 F = Levels seen in this place.
 G = Mean time per level.
                   A        B        C        D        E       F      G
               +--------+--------+--------+--------+--------+-----+--------+
         Total |   4565 |   4491 |     74 |    998 |   2262 |   8 |  570.6 |
       Dungeon |   4541 |   4474 |     67 |    998 |   2262 |   7 |  648.7 |
        Temple |     24 |     17 |      7 |      0 |      0 |   1 |   24.0 |
               +--------+--------+--------+--------+--------+-----+--------+

Top non-repeatable levels by time:
     D:4: 1121 daAuts
     D:6: 810 daAuts
     D:5: 809 daAuts
     D:1: 729 daAuts
     D:2: 566 daAuts
     D:3: 425 daAuts
     D:7: 79 daAuts
  Temple: 24 daAuts
